 Dungeon Crawl Stone Soup version 0.24.0-125-gc4c63601f3 (console) character file.

Game seed: 15248270047191504664, levelgen mode: deterministic

103 utis the Sneak (level 4, -2/24 HPs)
             Began as a Tengu Enchanter on Mar 1, 2020.
             Slain by an adder (5 damage)
             ... on level 2 of the Dungeon.
             The game lasted 00:10:42 (4295 turns).

utis the Sneak (Tengu Enchanter)                    Turns: 4295, Time: 00:10:43

Health: -2/24      AC:  2    Str:  8    XL:     4   Next: 79%
Magic:  1/8        EV: 13    Int: 17    God:
Gold:   64         SH:  0    Dex: 14    Spells: 1/7 levels left

rFire    . . .     SeeInvis +   a - +1 dagger
rCold    . . .     Gourm    .   (no shield)
rNeg     . . .     Faith    .   n - +0 robe
rPois    .         Spirit   .   (helmet restricted)
rElec    .         Reflect  .   (no cloak)
rCorr    .         Harm     .   (no gloves)
MR       .....                  (boots unavailable)
Stlth    ++........             (no amulet)
HPRegen  0.08/turn              v - ring of see invisible
MPRegen  0.11/turn              (no ring)

@: lethally poisoned (-2 -> -6), very slightly contaminated
A: beak, talons 3
a: no special abilities


You were on level 2 of the Dungeon.
You were not hungry.

You visited 1 branch of the dungeon, and saw 2 of its levels.

You collected 64 gold pieces.

Inventory:

Hand Weapons
 a - a +1 dagger (weapon)
 b - a +0 hunting sling
 m - a +0 hunting sling
Missiles
 e - 106 stones (quivered)
 k - 51 sling bullets
Armour
 n - a +0 robe (worn)
Jewellery
 v - a ring of see invisible (left hand)
Scrolls
 c - a scroll of magic mapping {unknown}
 g - a scroll of immolation {unknown}
 i - a scroll of remove curse {unknown}
 j - 3 scrolls of enchant armour {unknown}
 p - a scroll of teleportation {unknown}
Potions
 f - a potion of heal wounds {unknown}
 h - a potion of resistance {unknown}
 l - a potion of flight {unknown}
 o - a potion of haste {@q3}
 r - a potion of curing {unknown}
 s - a potion of brilliance {unknown}
Comestibles
 d - a ration {@e1}


   Skills:
 - Level 1.1 Short Blades
 - Level 2.9 Dodging
 - Level 3.0 Stealth
 + Level 2.3 Spellcasting
 * Level 3.0 Hexes
 * Level 1.9 Ice Magic


You had one spell level left.
You knew the following spells:

 Your Spells              Type           Power        Failure   Level  Hunger
a - Corona                Hex            ##.....      5%          1    #......
o - Confuse               Hex            ##......     16%         3    ###....
z - Ensorcelled Hibernat  Hex/Ice        ##....       10%         2    ##.....

Your spell library contained the following spells:

 Spells                   Type           Power        Failure   Level  Hunger
 Tukima's Dance           Hex            ##......     16%         3    ###....
 Dazzling Spray           Conj/Hex       #.....       30%         3    ###....


Dungeon Overview and Level Annotations

Branches:
Dungeon (2/15)

Altars:
Cheibriados


Innate Abilities, Weirdness & Mutations

You have a beak for a mouth.
You have claws for feet.


Message History

You feel sick.
You are no longer poisoned.
The adder bites you.
* * * LOW HITPOINT WARNING * * *
The adder misses you.
You hit the adder but do no damage. You claw the adder, but do no damage.
Your peck misses the adder.
The adder is heavily wounded.
The adder closely misses you.
You hit the adder. Your peck misses the adder.
The adder is severely wounded.
The adder bites you.
* * * LOW HITPOINT WARNING * * *
You are lethally poisoned!
The adder poisons you!
You hit the adder but do no damage. Your peck misses the adder.
The adder is severely wounded.
* * * LOW HITPOINT WARNING * * *
You feel sick. The adder bites you.
You die...

░
░.░░░░...░░░░░░░░░░░░░░░░░░g
░ ░.░ ░....░░ ░..ggg.... ░
░.░ ░.░...░ ░.░░░░░░░░ ░ ░.░
░.░...░░ ░.░ ░ ░.░░░.░░...░
░g░ ░.....░░.░.░ ░g░
░░░░░░░░.░.░░░░░░░░.░
░░░░░░.░S.░░......░
......g†░Q░░.░░░░░░░
........░.░░.......░
...........░░░░░░░.░ ░
.......░†░.░ ░░░...░
░░........░...░░░.....░
░.........░░........░.░
░....░░░░░ ░...░░.░░░.░
░........░░░░...░+░░░.░
░...%.....S...........░


You could see an adder.

Vanquished Creatures
  Robin (D:2)
  A gnoll (D:1)
  An adder (D:2)
  An adder zombie (D:2)
  3 dart slugs
  3 leopard geckos
  7 bats
  2 giant cockroaches
  7 hobgoblins
  3 jackals (D:1)
  6 kobolds
  A quokka (D:2)
  2 ball pythons
  5 frilled lizards
  10 goblins
  8 rats
61 creatures vanquished.

Notes
Turn   | Place    | Note
-------+----------+-------------------------------------------
     0 | D:1      | utis the Tengu Enchanter began the quest for the Orb.
     0 | D:1      | Reached XP level 1. HP: 10/10 MP: 4/4
   190 | D:1      | Reached XP level 2. HP: 15/15 MP: 6/6
   424 | D:1      | Learned a level 2 spell: Ensorcelled Hibernation
  1306 | D:1      | Reached XP level 3. HP: 19/19 MP: 2/7
  1648 | D:1      | Reached skill level 1 in Ice Magic
  1716 | D:1      | Learned a level 3 spell: Confuse
  2404 | D:2      | Reached XP level 4. HP: 24/24 MP: 5/8
  2473 | D:2      | Found a snail-covered altar of Cheibriados.
  2917 | D:2      | Noticed Robin
  3683 | D:2      | Killed Robin
  3703 | D:2      | HP: 1/24 [hobgoblin[Robin] (5)]
  4295 | D:2      | Slain by an adder

Levels and vault maps discovered:
D:1:      dpeg_arrival_central, layout_basic, serial_curves, eino_curves_01,
          eino_curves_03, eino_curves_01, minmay_tetromino_o2
D:2:      layout_basic, cheibriados_altar_1, first_ration, uniq_robin

Skill      XL: |  1  2  3  4 |
---------------+-------------+-----
Ice Magic      | 1 |  1.9
Hexes          | 3 |  3.0
Short Blades   | |  1.1
Dodging        | |  2.9
Stealth        | |  3.0
Spellcasting   | |  2.3

Action                   |  1- 3 |  4- 6 || total
-------------------------+-------+-------++-------
Melee: Dagger            |    86 |    71 ||   157
       Kick              |    13 |    14 ||    27
       Peck              |     5 |     8 ||    13
 Cast: Corona            |     7 |     4 ||    11
       Ensorcelled Hiber |    30 |    28 ||    58
 Stab: Sleeping          |    18 |    11 ||    29
  Eat: Chunk             |     7 |     5 ||    12
       Ration            |       |     1 ||     1
Armor: Robe              |    20 |     9 ||    29
Dodge: Dodged            |    64 |    68 ||   132
